 Dungeon Crawl Stone Soup version 0.31-a0-255-g9c3d1c461a (webtiles) character file.

Game seed: 8085145559415730173

35 qw the Shooter (level 3, 0/29 HPs)
             Began as a Minotaur Hexslinger on July 12, 2023.
             Succumbed to an adder's poison
             ... on level 2 of the Dungeon.
             The game lasted 00:00:17 (1006 turns).

qw the Shooter (Minotaur Hexslinger)                Turns: 1006, Time: 00:00:18

Health: 0/29       AC:  3    Str: 12    XL:     3   Next: 17%
Magic:  3/3        EV: 12    Int: 10    God:
Gold:   84         SH:  0    Dex: 14    Spells: 3/4 levels left

rFire   . . .        Y - +1 sling
rCold   . . .        (no shield)
rNeg    . . .        h - +0 leather armour
rPois   .            (helmet restricted)
rElec   .            (no cloak)
rCorr   .            (no gloves)
SInv    .            (no boots)
Will    +....        (no amulet)
Stlth   +            d - ring of willpower
HPRegen 0.24/turn    (no ring)
MPRegen 0.08/turn

%: no passive effects
@: lethally poisoned (0 -> -6)
A: horns 2, retaliatory headbutt
a: no special abilities


You were on level 2 of the Dungeon.
You visited 1 branch of the dungeon, and saw 2 of its levels.

You collected 84 gold pieces.


Innate Abilities, Weirdness & Mutations

You have a pair of horns on your head.
You reflexively headbutt those who attack you in melee.


   Skills:
 - Level 2.0 Fighting
 + Level 3.7 Ranged Weapons
 - Level 2.1 Dodging
 - Level 1.0 Spellcasting
 - Level 2.0 Hexes


You had 3 spell levels left.
You knew the following spells:

 Your Spells              Type           Power      Damage    Failure   Level
a - Slow                  Hex            16%        N/A       19%         1

Your spell library contained the following spells:

 Spells                   Type           Power      Damage    Failure   Level
 Inner Flame              Hex/Fire       2%         N/A       65%         3
 Portal Projectile        Hex/Tloc       4%         N/A       65%         3
 Cause Fear               Hex            2%         N/A       88%         4

Inventory:

Hand Weapons
 Y - a +1 sling (weapon)
Armour
 h - a +0 leather armour (worn)
Jewellery
 d - a ring of willpower (left hand)
Scrolls
 a - 2 scrolls of identify
 b - a scroll of vulnerability {unknown}
Potions
 c - a potion of curing {unknown}
 f - a potion of brilliance {unknown}
 g - a potion of ambrosia {unknown}

Dungeon Overview and Level Annotations

Branches:
Dungeon (2/15)

Altars:


Message History

You see here 11 gold pieces.
You shoot a sling bullet.
The sling bullet barely misses the adder.
You shoot a sling bullet. The sling bullet hits the adder.
The adder is lightly wounded.
You shoot a sling bullet. The sling bullet hits the adder.
The adder is moderately wounded.
You shoot a sling bullet.
The sling bullet closely misses the adder.
The adder bites you. x2
You are poisoned.
The adder poisons you!
You shoot a sling bullet.
The sling bullet barely misses the adder.
You feel sick. The adder closely misses you.
You shoot a sling bullet. The sling bullet misses the adder.
You feel sick. The adder bites you. The adder barely misses you.
You shoot a sling bullet.
The sling bullet barely misses the adder.
You feel sick. The adder bites you but does no damage.
You shoot a sling bullet.
The sling bullet barely misses the adder.
You feel sick. The adder bites you. x2
You shoot a sling bullet. The sling bullet misses the adder.
You feel sick.
You are no longer poisoned.
The adder closely misses you. The adder bites you.
You shoot a sling bullet.
The sling bullet closely misses the adder.
The adder barely misses you.
You shoot a sling bullet.
The sling bullet barely misses the adder.
The adder closely misses you. The adder bites you.
You shoot a sling bullet. The sling bullet hits the adder.
The adder is severely wounded.
The adder bites you. x2
You are lethally poisoned!
The adder poisons you!
You shoot a sling bullet. The sling bullet misses the adder.
You die...

#### ...#####
#####.....#
##......##.######
##........#....@S##
#.........%............
#...........#####.#####
##...........# .#
.#.........>.# .
............## ..
##..>...%<..# .#
##..........# ..
#...........#


You could see an adder.

Vanquished Creatures
  An adder (D:1)
  A worm (D:1)
  4 bats
  2 endoplasms (D:1)
  4 goblins (D:1)
  3 hobgoblins
  A kobold (D:1)
  2 quokkas (D:1)
  A ball python (D:1)
  2 frilled lizards (D:1)
21 creatures vanquished.

Notes
Turn   | Place    | Note
-------+----------+-------------------------------------------
     0 | D:1      | qw the Minotaur Hexslinger began the quest for the Orb.
     0 | D:1      | Reached XP level 1. HP: 16/16 MP: 1/1
     0 | D:1      | 0 ||| qw: Version: 0.3-a-52-g30416fa
     0 | D:1      | 0 ||| qw: Game counter: 6681
     0 | D:1      | 0 ||| qw: Melee chars always use a shield: true
     0 | D:1      | 0 ||| qw: God list: Okawaru
     0 | D:1      | 0 ||| qw: Allow faded altars: false
     0 | D:1      | 0 ||| qw: Do Orc after clearing Dungeon:15 true
     0 | D:1      | 0 ||| qw: Do second Lair branch before Depths: true
     0 | D:1      | 0 ||| qw: Lair rune preference: random
     0 | D:1      | 0 ||| qw: Goals: Normal
     0 | D:1      | 0 ||| PLANNING D:1-11
   216 | D:1      | Reached skill level 3 in Ranged Weapons
   219 | D:1      | Reached XP level 2. HP: 23/23 MP: 2/2
   366 | D:1      | Found a faded altar of an unknown god.
   722 | D:1      | 722 ||| UPGRADING to +0 leather armour.
   732 | D:1      | 732 ||| DROPPING +0 robe.
   733 | D:1      | 733 ||| UPGRADING to ring of willpower.
   734 | D:1      | 734 ||| READING 2 scrolls labelled SENAM WIMPUS.
   735 | D:1      | 735 ||| DROPPING scroll of poison.
   778 | D:2      | 778 ||| STAIRDANCE
   781 | D:1      | Reached XP level 3. HP: 15/29 MP: 3/3
   872 | D:2      | 872 ||| STAIRDANCE
  1004 | D:2      | HP: 6/29 [adder (4)]
  1005 | D:2      | HP: 2/29 [adder (3)]
  1006 | D:2      | Succumbed to an adder's poison

Levels and vault maps discovered:
D:1:      dpeg_arrival_concentric_ovals, layout_basic,
          shapermc_ecumenical_altar_gd, nicolae_figureground_pulse
D:2:      layout_rooms, serial_shops, nicolae_shop_tiny_waterfront

Skill      XL: |  1  2 |
---------------+-------+-----
Ranged Weapons | 3 |  3.7
Fighting       | 2 |  2.0
Dodging        | |  2.1
Spellcasting   | |  1.0
Hexes          | |  2.0

Action                     || total
---------------------------++-------
   Fire: Sling             ||    60
    Use: Scroll            ||     1
 Armour: Robe              ||     5
         Leather armour    ||     5
  Dodge: Dodged            ||    19

Table legend:
 A = Non-vault XP
 B = Vault XP
 C = Vault XP percentage of total XP
 D = Non-vault monster count
 E = Vault monster count
 F = Vault count percentage of total count
                 A         B        C        D         E       F
            +---------+---------+-------+---------+---------+-------
      Total |      51 |       0 |   0.0 |      21 |       0 |   0.0
            +---------+---------+-------+---------+---------+-------
        D:1 |      45 |       0 |   0.0 |      18 |       0 |   0.0
        D:2 |       6 |       0 |   0.0 |       3 |       0 |   0.0
            +---------+---------+-------+---------+---------+-------
